 Dungeon Crawl Stone Soup version 0.28-a0-2-g643f2454ad (webtiles) character file.

Game seed: 13714173229886167189

81 lunkers the Covert (level 4, -4/34 HPs)
             Began as a Vampire Delver on July 22, 2021.
             Killed from afar by an orc wizard (6 damage)
             ... with a magic dart
             ... on level 2 of the Dungeon.
             The game lasted 00:02:44 (1286 turns).

lunkers the Covert (Vampire Delver)                 Turns: 1286, Time: 00:02:45

Health: -4/34      AC:  3    Str: 11    XL:     4   Next: 19%
Magic:  4/4        EV: 12    Int: 12    God:
Gold:   63         SH:  0    Dex: 16    Spells: 3/3 levels left

rFire   . . .      SeeInvis +   a - +0 short sword
rCold   . . .      Faith    .   (no shield)
rNeg    . . .      Spirit   .   b - +0 leather armour
rPois   .          Reflect  .   (no helmet)
rElec   .          Harm     .   (no cloak)
rCorr   .          Rampage  .   (no gloves)
Will    .....                   (no boots)
Stlth   ++++......              (no amulet)
HPRegen 0.31/turn               (no ring)
MPRegen 0.09/turn               (no ring)

@: healing quickly
A: alive, fangs 3, see invisible, vampiric 2
a: Exsanguinate


You were on level 2 of the Dungeon.
You visited 1 branch of the dungeon, and saw 5 of its levels.

You collected 63 gold pieces.

Inventory:

Hand Weapons
 a - a +0 short sword (weapon)
Armour
 b - a +0 leather armour (worn)
Jewellery
 h - a ring of protection from cold
Wands
 g - a wand of digging (3)
Scrolls
 c - a scroll of fog
 d - 2 scrolls of magic mapping
Potions
 e - 2 potions of brilliance
 f - a potion of haste


   Skills:
 - Level 2.6 Fighting
 * Level 4.2 Short Blades
 - Level 2.1 Dodging
 + Level 8.1 Stealth


You had 3 spell levels left.
You didn't know any spells.
Your spell library contained the following spells:

 Spells                   Type           Power      Damage    Failure   Level
 Shock                    Conj/Air       0%         1d3       41%         1
 Swiftness                Air            0%         N/A       78%         3
 Airstrike                Air            0%         N/A       99%         4


Dungeon Overview and Level Annotations

Branches:
Dungeon (5/15)
 Temple: D:4-7

Altars:

Shops:
D:1 :


Innate Abilities, Weirdness & Mutations

Your natural rate of healing is accelerated.
You have razor-sharp teeth.
You have supernaturally acute eyesight. (SInv)
You are afflicted with vampirism and can become a bat while bloodless.


Message History

The orc wizard hits you but does no damage.
You closely miss the orc wizard.
The orc wizard is moderately wounded.
The orc wizard barely misses you.
You hit the orc wizard but do no damage.
You bite the orc wizard.
The orc wizard is moderately wounded.
The orc wizard barely misses you.
You hit the orc wizard but do no damage.
The orc wizard is moderately wounded.
The orc wizard gestures at you while chanting.
The magic dart hits you.
* * * LOW HITPOINT WARNING * * *
You hit the orc wizard but do no damage.
The orc wizard is moderately wounded.
The orc wizard hits you with a +0 dagger.
* * * LOW HITPOINT WARNING * * *
You hit the orc wizard but do no damage.
The orc wizard is moderately wounded.
The orc wizard closely misses you.
You hit the orc wizard.
The orc wizard is heavily wounded.
The orc wizard points at you and mumbles some strange words.
The puff of flame hits you!
* * * LOW HITPOINT WARNING * * *
You hit the orc wizard.
The orc wizard is heavily wounded.
The orc wizard hits you with a +0 dagger.
* * * LOW HITPOINT WARNING * * *
You closely miss the orc wizard. Your bite misses the orc wizard.
The orc wizard is heavily wounded.
You closely miss the orc wizard.
You bite the orc wizard, but do no damage.
The orc wizard is heavily wounded.
The orc wizard hits you with a +0 dagger.
* * * LOW HITPOINT WARNING * * *
Okay, then.
The orc wizard gestures at you while chanting.
The magic dart hits you.
You die...

#####.# . ..##...... #...#.# ...
........... #.#.#'##+#....
.........#+# #.#.......#+#
.........#.# #.#...<...#.#
#.........# #.#.......#.#
#.........# #.#.......#.#
#........l# #.#.......#.#
#.........o #.#.......#@#
#......†###
#.###+##+##.######.......#
#####.....##+##o#............#
....>..........#o#............#
b......(.......#.l...†........#
............)..#.#.....#..#...#
........†......#)#.....#..#......
............(..#.##...##o###.....
.......†.......#..#...#..# #.....


You could see an orc wizard (invisible), an orc and a frilled lizard.

Vanquished Creatures
  3 adders
  3 dart slugs (D:1)
  An orc (D:2)
  2 ball pythons
  2 bats (D:1)
  3 endoplasms
  2 goblins
  A hobgoblin (D:1)
  4 jackals
  3 kobolds
  3 quokkas
  A frilled lizard (D:2)
28 creatures vanquished.

Vanquished Creatures (others)
  An orc wizard (D:2)
1 creature vanquished.

Grand Total: 29 creatures vanquished

Notes
Turn   | Place    | Note
-------+----------+-------------------------------------------
     0 | D:5      | lunkers the Vampire Delver began the quest for the Orb.
     0 | D:5      | Reached XP level 1. HP: 17/17 MP: 1/1
    10 | D:4      | Noticed a black bear
   198 | D:2      | Noticed an orc wizard
   201 | D:2      | Noticed an orc wizard
   227 | D:1      | Reached XP level 2. HP: 7/23 MP: 2/2
   405 | D:1      | Found a faded altar of an unknown god.
   623 | D:1      | Found Jingigi's Book Shoppe.
   637 | D:1      | Gained mutation: You are afflicted with vampirism and can
                  | become a bat while bloodless. [Vampire growth]
   637 | D:1      | Reached XP level 3. HP: 26/28 MP: 3/3
  1186 | D:2      | Reached skill level 8 in Stealth
  1272 | D:2      | Reached XP level 4. HP: 18/34 MP: 4/4
  1286 | D:2      | Killed from afar by an orc wizard

Illustrated notes

Levels and vault maps discovered:
D:1:      lightli_arrival_statue_moat, layout_loops_cross, serial_shops, shop,
          shapermc_ecumenical_altar_ellora, hangedman_feature_mirror
D:2:      layout_basic, minmay_unequal
D:3:      layout_loops_cross, nicolae_ru_path_of_blood, uniq_natasha
D:4:      layout_rooms, hangedman_minor_gate_pass
D:5:      layout_layer_cave, serial_shops, nicolae_shop_overgrown_old_shop,
          serial_glass, glass_columns_b, glass_columns_b

Skill      XL: |  1  2  3 |
---------------+----------+-----
Short Blades   | 3 4 |  4.2
Stealth        | 8 |  8.1
Fighting       | |  2.6
Dodging        | |  2.1

Action                   |  1- 3 |  4- 6 || total
-------------------------+-------+-------++-------
Melee: Short sword       |    94 |    12 ||   106
       Bite              |    13 |     3 ||    16
  Use: Scroll            |     1 |       ||     1
       Potion            |     1 |       ||     1
 Stab: Sleeping          |     8 |       ||     8
Armor: Leather armour    |    15 |     2 ||    17
Dodge: Dodged            |    52 |     4 ||    56

Table legend: (Time is in decaauts)
 A = Elapsed time spent in this place.
 B = Non-inter-level travel time spent in this place.
 C = Inter-level travel time spent in this place.
 D = Time resting spent in this place.
 E = Time spent auto-exploring this place.
 F = Levels seen in this place.
 G = Mean time per level.
                   A        B        C        D        E       F      G
               +--------+--------+--------+--------+--------+-----+--------+
         Total |   1277 |   1229 |     48 |     61 |    871 |   5 |  255.4 |
       Dungeon |   1277 |   1229 |     48 |     61 |    871 |   5 |  255.4 |
               +--------+--------+--------+--------+--------+-----+--------+

Top non-repeatable levels by time:
     D:1: 879 daAuts
     D:2: 304 daAuts
     D:3: 58 daAuts
     D:4: 28 daAuts
     D:5: 6 daAuts
